 Dungeon Crawl Stone Soup version 0.31-a0-188-g5e087ee2ca (webtiles) character file.

Game seed: 6029257748733825492

217 qw the Skirmisher (level 5, -3/23 (29) HPs)
             Began as a Deep Elf Hunter on June 23, 2023.
             Killed by divine providence
             ... invoked by an orc priest
              (9 damage)
             ... on level 4 of the Dungeon.
             The game lasted 00:00:52 (1932 turns).

qw the Skirmisher (Deep Elf Hunter)                 Turns: 1932, Time: 00:00:53

HP:   -3/23 (29)    AC:  5    Str: 10    XL:     5   Next: 61%
MP:   0/7           EV: 11    Int: 14    God:
Gold: 172           SH:  0    Dex: 18    Spells: 4/4 levels left

rFire   . . .        Y - +1 shortbow (flame)
rCold   . . .        (shield currently unavailable)
rNeg    . . .        i - +0 ring mail
rPois   .            (no helmet)
rElec   .            (no cloak)
rCorr   .            (no gloves)
SInv    .            (no boots)
Will    .....        e - amulet of guardian spirit
Stlth   +            (no ring)
HPRegen 0.23/turn    (no ring)
MPRegen 0.10/turn

%: guardian spirit
@: heavily drained
A: no striking features
a: no special abilities


You were on level 4 of the Dungeon.
You visited 1 branch of the dungeon, and saw 4 of its levels.

You collected 172 gold pieces.


   Skills:
 + Level 1.6 Fighting
 - Level 9.2 Ranged Weapons
 - Level 2.4 Dodging
 - Level 1.2 Stealth


You had 4 spell levels left.
You didn't know any spells.
Your spell library was empty.

Inventory:

Hand Weapons
 Y - a +1 shortbow of flaming (weapon)
Armour
 i - a +0 ring mail (worn)
Jewellery
 e - an amulet of guardian spirit (around neck)
Scrolls
 a - 2 scrolls of identify
 f - a scroll of revelation {unknown}
Potions
 c - a potion of curing
 d - a potion of ambrosia {unknown}
 g - a potion of resistance {unknown}
 h - a potion of cancellation {unknown}
 m - a potion of haste {unknown}
 n - a potion of enlightenment {unknown}

Dungeon Overview and Level Annotations

Branches:
Dungeon (4/15)
 Temple: D:4-7

Altars:
Zin
The Shining One


Message History

The wight is heavily damaged.
The orc barely misses you.
The wight hits you with a +0 short sword!
The wight hits you with a +2 scimitar!
You feel drained.
1926 ||| DRINKING 2 potions of heal wounds.
You feel much better. The orc hits you with a +0 short sword.
The wight barely misses you. The wight misses you.
You shoot an arrow. The arrow closely misses the wight.
The arrow hits the orc.
The arrow burns the orc.
The orc is heavily wounded.
An orc priest comes into view. It is wielding a +0 dagger.
The wight hits you with a +0 short sword.
You feel drained. The orc hits you but does no damage.
The wight completely misses you.
You shoot an arrow. The arrow barely misses the wight.
The orc priest shouts!
The arrow hits the orc.
The arrow burns the orc.
You kill the orc!
The orc hits you with a +0 short sword. The wight hits you with a +2 scimitar.
You feel drained. The wight misses you.
You shoot an arrow.
The arrow hits the wight but does no damage.
The wight is heavily damaged.
The wight hits you with a +0 short sword.
You feel drained. The orc hits you with a +0 short sword.
The wight hits you with a +2 scimitar!
1930 ||| DRINKING potion of heal wounds.
You feel much better.
The orc priest invokes the aid of Beogh against you.
Beogh smites you! The orc hits you but does no damage.
The wight hits you with a +2 scimitar.
You feel drained.
You shoot an arrow. The arrow hits the wight.
The arrow burns the wight.
The wight is lightly damaged.
The orc barely misses you. The wight misses you.
You shoot an arrow. The arrow closely misses the wight.
The arrow barely misses the wight.
The orc priest calls down the wrath of Beogh upon you.
Beogh smites you!
You die...

#.....##.#
#.#### #.#
..######.## ##
........%. ..
##........ #.
####.....
##.###. ##....
......z####
#....
....!zz@..###
#..<.
.....oo##...####
##### .......
###....####
...>...
####....##
.......
####..#####
....... ##......
....... #######
#######


You could see 3 wights, an orc priest and an orc.

Vanquished Creatures
  A wight (D:4)
  A howler monkey (D:4)
  A hound (D:4)
  2 adders (D:2)
  A worm (D:2)
  3 dart slugs
  2 orcs
  8 ball pythons
  5 endoplasms
  4 giant cockroaches
  4 hobgoblins
  11 jackals (D:2)
  A quokka (D:1)
  5 bats
  A frilled lizard (D:2)
  6 goblins
  A kobold (D:3)
  7 rats
64 creatures vanquished.

Notes
Turn   | Place    | Note
-------+----------+-------------------------------------------
     0 | D:1      | qw the Deep Elf Hunter began the quest for the Orb.
     0 | D:1      | Reached XP level 1. HP: 12/12 MP: 3/3
     0 | D:1      | 0 ||| qw: Version: 0.3-a-9-g12657ce
     0 | D:1      | 0 ||| qw: Game counter: 3561
     0 | D:1      | 0 ||| qw: Always use a shield: true
     0 | D:1      | 0 ||| qw: God list: Okawaru
     0 | D:1      | 0 ||| qw: Allow faded altars: false
     0 | D:1      | 0 ||| qw: Do Orc after D:15 true
     0 | D:1      | 0 ||| qw: Do second Lair branch before Depths: true
     0 | D:1      | 0 ||| qw: Lair rune preference: random
     0 | D:1      | 0 ||| qw: Plans: Normal
     0 | D:1      | 0 ||| PLANNING D:1-11
   224 | D:1      | Reached XP level 2. HP: 16/16 MP: 4/4
   225 | D:1      | Reached skill level 6 in Ranged Weapons
   611 | D:1      | 611 ||| UPGRADING to amulet of guardian spirit.
   616 | D:1      | 616 ||| DROPPING amulet of magic regeneration.
   617 | D:1      | 617 ||| READING 3 scrolls labelled HAOMPO IMINI.
   618 | D:1      | 618 ||| READING scroll labelled ECHA NUNKYSU.
   619 | D:1      | 619 ||| READING 2 scrolls labelled HOGEATOTOH.
   620 | D:1      | 620 ||| READING scroll labelled ATIPRA VADDO.
   621 | D:1      | 621 ||| READING 2 scrolls of identify.
   621 | D:1      | 621 ||| IDENTIFYING metallic green potion
   622 | D:1      | 622 ||| DROPPING scroll of butterflies.
   623 | D:1      | 623 ||| DROPPING potion of brilliance.
   624 | D:1      | 624 ||| DROPPING scroll of amnesia.
   665 | D:2      | Reached XP level 3. HP: 20/20 MP: 5/5
   711 | D:2      | Reached skill level 7 in Ranged Weapons
   717 | D:2      | 717 ||| FLEEEEING.
   718 | D:2      | 718 ||| FLEEEEING.
   719 | D:2      | 719 ||| FLEEEEING.
   720 | D:2      | 720 ||| FLEEEEING.
   721 | D:2      | 721 ||| FLEEEEING.
   722 | D:2      | 722 ||| FLEEEEING.
   723 | D:2      | 723 ||| FLEEEEING.
   724 | D:2      | 724 ||| FLEEEEING.
   725 | D:2      | 725 ||| FLEEEEING.
   726 | D:2      | 726 ||| FLEEEEING.
   727 | D:2      | 727 ||| FLEEEEING.
   728 | D:2      | 728 ||| FLEEEEING.
   729 | D:2      | 729 ||| FLEEEEING.
   730 | D:2      | 730 ||| FLEEEEING.
   731 | D:2      | 731 ||| FLEEEEING.
   732 | D:2      | 732 ||| FLEEEEING.
   733 | D:2      | 733 ||| FLEEEEING.
   734 | D:2      | 734 ||| STAIRDANCE
   794 | D:2      | Found a glowing golden altar of the Shining One.
   867 | D:2      | 867 ||| FLEEEEING.
   956 | D:2      | Reached XP level 4. HP: 23/25 MP: 6/6
  1351 | D:2      | 1351 ||| UPGRADING to +0 ring mail.
  1361 | D:2      | 1361 ||| DROPPING +0 leather armour.
  1362 | D:2      | 1362 ||| READING scroll labelled BOZULI YRI.
  1490 | D:3      | Found a glowing silver altar of Zin.
  1713 | D:3      | 1713 ||| READING scroll labelled ORPHOTS VYBBAILL.
  1746 | D:3      | 1746 ||| READING scroll labelled TITUQUMEOV.
  1747 | D:3      | 1747 ||| READING scroll labelled WUSSUTO SAIT.
  1748 | D:3      | 1748 ||| DRINKING 2 coppery potions.
  1749 | D:3      | 1749 ||| DRINKING 2 amethyst potions.
  1750 | D:3      | 1750 ||| DRINKING 2 emerald potions.
  1784 | D:3      | 1784 ||| READING 2 scrolls of identify.
  1784 | D:3      | 1784 ||| IDENTIFYING lumpy white potion
  1785 | D:3      | 1785 ||| DROPPING potion of attraction.
  1786 | D:3      | 1786 ||| DROPPING potion of lignification.
  1809 | D:4      | Reached skill level 8 in Ranged Weapons
  1847 | D:4      | Reached XP level 5. HP: 29/29 MP: 5/7
  1925 | D:4      | Reached skill level 9 in Ranged Weapons
  1925 | D:4      | HP: 3/29 [wight/+2 scimitar (7)]
  1926 | D:4      | 1926 ||| DRINKING 2 potions of heal wounds.
  1930 | D:4      | 1930 ||| DRINKING potion of heal wounds.
  1930 | D:4      | HP: 5/23 [wight/+2 scimitar (3)]
  1932 | D:4      | Killed from afar by an orc priest

Levels and vault maps discovered:
D:1:      spicycebolla_arrival_clurvy, layout_loops_ring
D:2:      layout_basic, basic_altar
D:3:      layout_rooms, zin_academy, due_unseen_surprise
D:4:      layout_rooms

Skill      XL: |  1  2  3  4  5 |
---------------+----------------+-----
Ranged Weapons | 6 7 8 9 |  9.2
Fighting       | |  1.6
Dodging        | |  2.4
Stealth        | |  1.2

Action                     |  1- 3 |  4- 6 || total
---------------------------+-------+-------++-------
   Fire: Shortbow          |    82 |    67 ||   149
    Use: Scroll            |     5 |     5 ||    10
         Potion            |       |     5 ||     5
 Armour: Leather armour    |     1 |       ||     1
         Ring mail         |       |     4 ||     4
  Dodge: Dodged            |    15 |    24 ||    39

Table legend:
 A = Non-vault XP
 B = Vault XP
 C = Vault XP percentage of total XP
 D = Non-vault monster count
 E = Vault monster count
 F = Vault count percentage of total count
                 A         B        C        D         E       F
            +---------+---------+-------+---------+---------+-------
      Total |     310 |       0 |   0.0 |      64 |       0 |   0.0
            +---------+---------+-------+---------+---------+-------
        D:1 |      26 |       0 |   0.0 |      16 |       0 |   0.0
        D:2 |      96 |       0 |   0.0 |      35 |       0 |   0.0
        D:3 |       8 |       0 |   0.0 |       6 |       0 |   0.0
        D:4 |     180 |       0 |   0.0 |       7 |       0 |   0.0
            +---------+---------+-------+---------+---------+-------
